 Dungeon Crawl Stone Soup version 0.30.0-19-gbf45117a57 (webtiles) character file.

Game seed: 1441462414368752333

9281 qw the Cleaver (level 11, 0/68 HPs)
             Began as a Gargoyle Fighter on May 25, 2023.
             Was a Follower of Okawaru.
             Slain by Snorg (20 damage)
             ... on level 10 of the Dungeon.
             The game lasted 00:04:55 (9250 turns).

qw the Cleaver (Gargoyle Fighter)                   Turns: 9250, Time: 00:04:55

Health: 0/68       AC: 35    Str: 29    XL:     11   Next: 44%
Magic:  13/14      EV: 14    Int: 10    God:    Okawaru [*.....]
Gold:   269        SH: 14    Dex:  9    Spells: 10/10 levels left

rFire   x x .        Y - +2 war axe
rCold   x x .        f - +2 kite shield
rNeg    + . .        n - +0 plate armour
rPois   inf          (no helmet)
rElec   +            (no cloak)
rCorr   .            c - +0 pair of gloves
SInv    .            i - +1 pair of boots
Will    .....        u - amulet of Elemental Vulnerability {rPois rF-- rC-- AC+8} Stlth
                     j - +5 ring of evasion
HPRegen 0.31/turn    p - +6 ring of strength
MPRegen 0.14/turn

%: no passive effects
@: heroic
A: sickness immunity, AC +8, negative energy resistance 1, electricity
resistance, torment resistance 1, petrification resistance
a: Renounce Religion, Heroism


You were on level 10 of the Dungeon.
You worshipped Okawaru.
Okawaru was aware of your devotion.
You visited 2 branches of the dungeon, and saw 11 of its levels.

You collected 605 gold pieces.
You spent 336 gold pieces at shops.


Innate Abilities, Weirdness & Mutations

You are immune to sickness and miasma.
Your stone body is resilient. (AC +8)
You are immune to poison.
You resist negative energy. (rN+)
You are resistant to electric shocks. (rElec)
You are resistant to unholy torment.
You are immune to petrification.


   Skills:
 - Level 8.3(13.3) Fighting
 - Level 11.0(16.0) Axes
 - Level 2.4(7.4) Throwing
 + Level 6.7(11.7) Armour
 - Level 2.1(7.1) Dodging
 - Level 9.1(14.1) Shields
 - Level 4.4 Invocations


You had 10 spell levels left.
You didn't know any spells.
Your spell library was empty.

Inventory:

Hand Weapons
 v - a +2 hand axe of flaming
 Y - a +2 war axe (weapon)
Missiles
 o - 4 boomerangs (quivered)
Armour
 b - a +1 chain mail of cold resistance
 c - a +0 pair of gloves (worn)
 f - a +2 kite shield (worn)
 i - a +1 pair of boots (worn)
 n - a +0 plate armour (worn)
 r - +0 acid dragon scales
Jewellery
 e - a ring of protection from fire
 h - a ring of fire
 j - a +5 ring of evasion (left hand)
 l - the ring of Astruath {rCorr MP+9 Int+2}
   (You found it on level 7 of the Dungeon)

   [ring of magical power]

   Int:       It affects your intelligence (+2).
   MP:        It affects your magic capacity (+9).
   rCorr:     It protects you from acid and corrosion.
 p - a +6 ring of strength (right hand)
 s - a ring of protection from cold
 u - the amulet of Elemental Vulnerability (around neck) {rPois rF-- rC-- AC+8}
   (You found it on level 8 of the Dungeon)

   [amulet of nothing]

   AC:        It affects your AC (+8).
   rF:        It makes you very vulnerable to fire.
   rC:        It makes you very vulnerable to cold.
   rPois:     It protects you from poison.
Scrolls
 a - 4 scrolls of identify
 q - 5 scrolls of teleportation
Potions
 d - 3 potions of might
 g - a potion of lignification
 k - a potion of cancellation {unknown}
 m - 2 potions of mutation

Dungeon Overview and Level Annotations

Branches:
Dungeon (10/15)            Temple (1/1) D:4            Lair (0/5) D:10
    Orc (0/2) D:9

Altars:
Ashenzari
Cheibriados
Dithmenos
Elyvilon
Fedhas
Gozag
Hepliaklqana
Kikubaaqudgha
Makhleb
Nemelex Xobeh
Okawaru
Qazlal
Ru
Sif Muna
Trog
Uskayaw
Vehumet
Wu Jian
Xom
Yredelemnul
Zin
The Shining One

Shops:
D:4 ?   D:8 [*(

Annotations:
D:8 2 transporters, qw's ghost, novice GrFi
D:10 Snorg


Message History

You block Snorg's attack.
You slash Snorg!
Snorg is moderately wounded.
You block Snorg's attack. Snorg barely misses you.
Snorg claws you but does no damage. Snorg bites you but does no damage.
Snorg misses you. You block Snorg's attack.
You closely miss Snorg.
Snorg is moderately wounded.
You block Snorg's attack. Snorg claws you but does no damage. Snorg claws you!
You slash Snorg!
Snorg is moderately wounded.
The wight completely misses you. You block Snorg's attack. x2
Snorg claws you but does no damage.
You slash Snorg!
Snorg is moderately wounded.
Snorg bites you but does no damage. Snorg claws you but does no damage.
You block Snorg's attack.
The wight hits you from afar with a +0 spear.
You slash Snorg!
Snorg is heavily wounded.
Snorg bites you but does no damage. You block Snorg's attack. Snorg misses you.
The wight misses you.
You slash Snorg!
Snorg is heavily wounded.
Snorg closely misses you. Snorg claws you but does no damage. x2
You slash Snorg!
Snorg is severely wounded.
Snorg bites you!
You block Snorg's attack. x2; The wight closely misses you.
You closely miss Snorg.
Snorg is severely wounded.
You block Snorg's attack. Snorg claws you. You block Snorg's attack.
The wight hits you but does no damage.
You slash Snorg!
Snorg is severely wounded.
Snorg bites you! Snorg misses you. You block Snorg's attack.
You block the wight's attack.
You hit Snorg but do no damage.
Snorg is severely wounded.
Snorg bites you!!
You die...

##..........##~~~~~~~...#
............###.........#
####.....####.#.........#
##........)##.#.........#
#...........#.'.........#
..)....%.P....#.........#
......>.%.....#.........#
..........P..######'#####
#...........###@....#
##.........## #T#####
###.....###


#zzz ##..+## #.... ... #..... #... #...... #....... #........ You could see
Snorg (berserk) and 3 wights.

Vanquished Creatures
  2 two-headed ogres
  A deep elf pyromancer (D:7)
  An ugly thing (D:7)
  An elephant (D:10)
  Prince Ribbit (D:6)
  2 hornets
  A troll (D:9)
  A slime creature (D:7)
  A vampire (D:7)
  A basilisk (D:10)
  2 wraiths
  6 yaks (D:9)
  Eustachio (D:4)
  3 steam dragons
  An acid dragon (D:10)
  4 water moccasins
  5 orc warriors
  A sky beast (D:7)
  3 ice beasts
  An ogre (D:4)
  5 centaurs
  3 kobold brigands
  3 bullfrogs (D:7)
  7 scorpions
  3 wights (D:7)
  5 howler monkeys
  2 jellies
  4 orc priests
  A gnoll bouda (D:7)
  2 sleepcaps
  3 iguanas
  13 orc wizards
  Ijyb (D:3)
  13 gnolls
  10 adders
  3 white imps
  2 ufetubi
  3 worms
  2 dart slugs
  37 orcs
  A ball python (D:2)
  7 bats
  3 endoplasms
  2 giant cockroaches (D:1)
  8 hobgoblins
  7 jackals
  12 kobolds
  2 quokkas (D:1)
  3 frilled lizards
  13 goblins
  6 rats
225 creatures vanquished.

Notes
Turn   | Place    | Note
-------+----------+-------------------------------------------
     0 | D:1      | qw the Gargoyle Fighter began the quest for the Orb.
     0 | D:1      | Reached XP level 1. HP: 14/14 MP: 1/1
     0 | D:1      | 0 ||| qw: Version: 0.2-a-98-g5d7165a
     0 | D:1      | 0 ||| qw: Game counter: 103
     0 | D:1      | 0 ||| qw: Always use a shield: true
     0 | D:1      | 0 ||| qw: God list: Okawaru
     0 | D:1      | 0 ||| qw: Allow faded altars: false
     0 | D:1      | 0 ||| qw: Do Orc after D:15 true
     0 | D:1      | 0 ||| qw: Do second Lair branch before Depths: true
     0 | D:1      | 0 ||| qw: Lair rune preference: random
     0 | D:1      | 0 ||| qw: Plans: Normal, Zot:1-4, God:TSO, Crypt, Tomb,
                  | Pan, Slime:5, Hells, Abyss, Win
     0 | D:1      | 0 ||| PLANNING D:1-11
    36 | D:1      | Reached skill level 2 in Axes
   211 | D:1      | Reached XP level 2. HP: 19/19 MP: 2/2
   316 | D:1      | 316 ||| Stepping ~*~*~tactically~*~*~ (hiding).
   711 | D:1      | Reached skill level 3 in Axes
   837 | D:1      | 837 ||| Stepping ~*~*~tactically~*~*~ (hiding).
   838 | D:1      | 838 ||| Stepping ~*~*~tactically~*~*~ (hiding).
   898 | D:1      | 898 ||| Stepping ~*~*~tactically~*~*~ (stealth).
   910 | D:1      | Reached XP level 3. HP: 22/23 MP: 3/3
   925 | D:1      | Found a faded altar of an unknown god.
  1027 | D:1      | 1027 ||| UPGRADING to +2 kite shield.
  1037 | D:1      | 1037 ||| DROPPING +0 buckler.
  1038 | D:1      | 1038 ||| READING scroll labelled BOFANU JURPHUL.
  1039 | D:1      | 1039 ||| READING 2 scrolls labelled ACOIBA PEOL.
  1140 | D:1      | 1140 ||| DROPPING scroll of silence.
  1190 | D:2      | 1190 ||| STAIRDANCE
  1232 | D:2      | 1232 ||| Stepping ~*~*~tactically~*~*~ (stealth).
  1245 | D:2      | 1245 ||| Stepping ~*~*~tactically~*~*~ (stealth).
  1375 | D:2      | 1375 ||| Stepping ~*~*~tactically~*~*~ (stealth).
  1391 | D:2      | Reached XP level 4. HP: 20/28 MP: 4/4
  1980 | D:2      | 1980 ||| DROPPING scarf of invisibility.
  1981 | D:2      | 1981 ||| UPGRADING to +6 ring of dexterity.
  1982 | D:2      | 1982 ||| READING scroll labelled GININNAUHO.
  1983 | D:2      | 1983 ||| READING scroll labelled PEEPSOPLIB.
  1988 | D:2      | 1988 ||| READING scroll labelled CEB ZUICYGU.
  2053 | D:3      | Noticed a scorpion
  2062 | D:3      | Killed a scorpion
  2063 | D:3      | Reached XP level 5. HP: 22/32 MP: 5/5
  2125 | D:3      | Noticed Ijyb
  2139 | D:3      | HP: 8/32 [something (1)]
  2140 | D:3      | Killed Ijyb
  2412 | D:3      | 2412 ||| DROPPING +0 club.
  2430 | D:3      | 2430 ||| Stepping ~*~*~tactically~*~*~ (stealth).
  2439 | D:3      | Reached skill level 4 in Axes
  2450 | D:3      | 2450 ||| Stepping ~*~*~tactically~*~*~ (stealth).
  2503 | D:3      | Identified the +1 leather armour "Veovvof" {rC+ Str+3}
  2578 | D:3      | 2578 ||| Stepping ~*~*~tactically~*~*~ (stealth).
  2579 | D:3      | 2579 ||| Stepping ~*~*~tactically~*~*~ (stealth).
  2604 | D:3      | 2604 ||| Stepping ~*~*~tactically~*~*~ (stealth).
  2605 | D:3      | 2605 ||| Stepping ~*~*~tactically~*~*~ (stealth).
  2791 | D:3      | 2791 ||| UPGRADING to +0 pair of boots.
  2796 | D:3      | 2796 ||| UPGRADING to +0 chain mail.
  2806 | D:3      | 2806 ||| DROPPING +0 scale mail.
  2807 | D:3      | 2807 ||| UPGRADING to +6 ring of strength.
  2808 | D:3      | 2808 ||| READING scroll labelled OCVUZO KILLO.
  2809 | D:3      | 2809 ||| READING scroll labelled IHITUE XAOGG.
  2810 | D:3      | 2810 ||| READING scroll labelled PAEGRUGHOD.
  2811 | D:3      | 2811 ||| DRINKING 2 fuming yellow potions.
  2865 | D:4      | Found Bauluwn's Magic Scroll Boutique.
  2880 | D:4      | 2880 ||| BUYING scroll of enchant armour (90 gold).
  2880 | D:4      | Bought a scroll of enchant armour for 90 gold pieces
  2880 | D:4      | 2880 ||| SHOPLISTING scroll of enchant weapon (90 gold,
                  | have 81).
  2880 | D:4      | 2880 ||| BUYING scroll of identify (24 gold).
  2880 | D:4      | Bought a scroll of identify for 24 gold pieces
  2880 | D:4      | 2880 ||| BUYING scroll of identify (24 gold).
  2880 | D:4      | Bought a scroll of identify for 24 gold pieces
  2880 | D:4      | 2880 ||| BUYING scroll of identify (24 gold).
  2880 | D:4      | Bought a scroll of identify for 24 gold pieces
  2880 | D:4      | 2880 ||| READING scroll of enchant armour.
  2880 | D:4      | 2880 ||| ENCHANTING +0 pair of boots.
  2902 | D:4      | Reached XP level 6. HP: 32/37 MP: 6/6
  2979 | D:4      | 2979 ||| Stepping ~*~*~tactically~*~*~ (stealth).
  2994 | D:4      | 2994 ||| DROPPING +0 whip.
  3000 | D:4      | 3000 ||| Stepping ~*~*~tactically~*~*~ (hiding).
  3001 | D:4      | 3001 ||| Stepping ~*~*~tactically~*~*~ (hiding).
  3122 | D:4      | Reached skill level 5 in Axes
  3122 | D:4      | Reached XP level 7. HP: 25/41 MP: 7/7
  3214 | D:4      | Noticed Eustachio
  3247 | D:4      | Killed Eustachio
  3303 | D:4      | Found a staircase to the Ecumenical Temple.
  3352 | D:4      | 3352 ||| Stepping ~*~*~tactically~*~*~ (stealth).
  3468 | D:4      | 3468 ||| UPGRADING to +5 ring of evasion.
  3470 | D:4      | 3470 ||| DROPPING +6 ring of dexterity.
  3471 | D:4      | 3471 ||| DRINKING 2 silvery potions.
  3472 | D:4      | 3472 ||| READING 4 scrolls of identify.
  3472 | D:4      | 3472 ||| IDENTIFYING lumpy dark potion
  3473 | D:4      | 3473 ||| READING 3 scrolls of identify.
  3473 | D:4      | 3473 ||| IDENTIFYING grey potion
  3474 | D:4      | 3474 ||| READING 2 scrolls of identify.
  3474 | D:4      | 3474 ||| IDENTIFYING inky potion
  3475 | D:4      | 3475 ||| DROPPING potion of degeneration.
  3476 | D:4      | 3476 ||| DROPPING potion of berserk rage.
  3486 | D:5      | Entered Level 5 of the Dungeon
  3490 | D:5      | 3490 ||| STAIRDANCE
  3492 | D:4      | HP: 10/44 [acid (8)]
  3493 | D:4      | 3493 ||| DRINKING potion of heal wounds.
  3611 | D:5      | 3611 ||| Stepping ~*~*~tactically~*~*~ (stealth).
  3612 | D:5      | 3612 ||| Stepping ~*~*~tactically~*~*~ (stealth).
  3613 | D:5      | 3613 ||| Stepping ~*~*~tactically~*~*~ (stealth).
  3621 | D:5      | 3621 ||| Stepping ~*~*~tactically~*~*~ (hiding).
  3754 | D:5      | 3754 ||| UPGRADING to +0 pair of gloves.
  3766 | D:5      | 3766 ||| STAIRDANCE
  3770 | D:5      | 3770 ||| STAIRDANCE
  3774 | D:5      | 3774 ||| STAIRDANCE
  3778 | D:5      | 3778 ||| STAIRDANCE
  3782 | D:5      | 3782 ||| STAIRDANCE
  3786 | D:5      | 3786 ||| STAIRDANCE
  3790 | D:5      | 3790 ||| STAIRDANCE
  3794 | D:5      | 3794 ||| STAIRDANCE
  3798 | D:5      | 3798 ||| STAIRDANCE
  3802 | D:5      | 3802 ||| STAIRDANCE
  3806 | D:5      | 3806 ||| STAIRDANCE
  3810 | D:5      | 3810 ||| STAIRDANCE
  3814 | D:5      | 3814 ||| STAIRDANCE
  3818 | D:5      | 3818 ||| STAIRDANCE
  3822 | D:5      | 3822 ||| STAIRDANCE
  3826 | D:5      | 3826 ||| STAIRDANCE
  3830 | D:5      | 3830 ||| STAIRDANCE
  3834 | D:5      | 3834 ||| STAIRDANCE
  3838 | D:5      | 3838 ||| STAIRDANCE
  3898 | D:5      | Noticed a two-headed ogre
  3910 | D:5      | Killed a two-headed ogre
  3911 | D:5      | Reached skill level 7 in Axes
  3911 | D:5      | Reached XP level 8. HP: 28/48 MP: 8/8
  3920 | D:5      | Noticed a wraith
  3936 | D:5      | Killed a wraith
  3937 | D:5      | Reached skill level 6 in Shields
  3947 | D:5      | 3947 ||| Stepping ~*~*~tactically~*~*~ (stealth).
  3949 | D:5      | 3949 ||| Stepping ~*~*~tactically~*~*~ (stealth).
  3993 | D:5      | 3993 ||| Stepping ~*~*~tactically~*~*~ (stealth).
  4298 | D:4      | 4298 ||| PLANNING TEMPLE
  4303 | Temple   | Entered the Ecumenical Temple
  4467 | Temple   | 4467 ||| PLANNING D:1-11
  4488 | D:5      | 4488 ||| Stepping ~*~*~tactically~*~*~ (stealth).
  4492 | D:5      | 4492 ||| Stepping ~*~*~tactically~*~*~ (stealth).
  4655 | D:5      | Reached XP level 9. HP: 54/54 MP: 9/9
  4960 | D:6      | 4960 ||| STAIRDANCE
  4962 | D:5      | 4962 ||| DRINKING 2 potions of curing.
  4962 | D:5      | 4962 ||| (to cure confusion)
  4968 | D:5      | Reached skill level 8 in Axes
  4977 | D:6      | 4977 ||| STAIRDANCE
  5071 | D:6      | 5071 ||| DRINKING potion of curing.
  5071 | D:6      | 5071 ||| (to cure confusion)
  5124 | D:6      | Reached skill level 6 in Fighting
  5127 | D:6      | Found a sacrificial altar of Ru.
  5387 | D:6      | Reached skill level 1 in Throwing
  5533 | D:6      | Noticed Prince Ribbit
  5534 | D:6      | 5534 ||| Stepping ~*~*~tactically~*~*~ (stealth).
  5541 | D:6      | Killed Prince Ribbit
  5717 | D:6      | 5717 ||| READING scroll labelled WIDEIB YNUPLAU.
  5718 | D:6      | 5718 ||| READING 3 scrolls of identify.
  5718 | D:6      | 5718 ||| IDENTIFYING sedimented silvery potion
  5719 | D:6      | 5719 ||| READING 2 scrolls of identify.
  5719 | D:6      | 5719 ||| IDENTIFYING bubbling green potion
  5720 | D:6      | 5720 ||| DROPPING potion of magic.
  5749 | D:7      | 5749 ||| Stepping ~*~*~tactically~*~*~ (hiding).
  5871 | D:7      | 5871 ||| DRINKING potion of curing.
  5871 | D:7      | 5871 ||| (to cure confusion)
  5902 | D:7      | Reached skill level 9 in Axes
  5902 | D:7      | Reached XP level 10. HP: 29/60 MP: 10/10
  5906 | D:7      | 5906 ||| Stepping ~*~*~tactically~*~*~ (stealth).
  6036 | D:7      | Noticed a deep elf pyromancer
  6044 | D:7      | Identified the ring of Astruath {rCorr MP+9 Int+2}
  6056 | D:7      | Killed a deep elf pyromancer
  6056 | D:7      | Noticed a purple ugly thing
  6057 | D:7      | Reached skill level 9 in Shields
  6069 | D:7      | HP: 12/63 [purple ugly thing (5)]
  6070 | D:7      | 6070 ||| DRINKING 2 potions of heal wounds.
  6071 | D:7      | 6071 ||| DRINKING potion of heal wounds.
  6072 | D:7      | Killed a purple ugly thing
  6278 | D:7      | Found a burning altar of Makhleb.
  6402 | D:7      | Found an iron altar of Okawaru.
  6403 | D:7      | 6403 ||| PLANNING OKAWARU WORSHIP
  6419 | D:7      | Became a worshipper of Warmaster Okawaru
  6419 | D:7      | 6419 ||| PLANNING D:1-11
  6444 | D:7      | 6444 ||| Stepping ~*~*~tactically~*~*~ (hiding).
  6445 | D:7      | 6445 ||| Stepping ~*~*~tactically~*~*~ (hiding).
  6449 | D:7      | 6449 ||| Stepping ~*~*~tactically~*~*~ (hiding).
  6461 | D:7      | 6461 ||| Stepping ~*~*~tactically~*~*~ (hiding).
  6474 | D:7      | 6474 ||| Stepping ~*~*~tactically~*~*~ (hiding).
  6564 | D:7      | 6564 ||| Stepping ~*~*~tactically~*~*~ (cloud).
  6990 | D:8      | Found a hazy altar of Hepliaklqana.
  7048 | D:8      | Found a hide-covered altar of Uskayaw.
  7069 | D:8      | Found Qoer Jux's Armour Shoppe.
  7075 | D:8      | Reached skill level 10 in Axes
  7085 | D:8      | Reached * piety under Okawaru
  7086 | D:8      | 7086 ||| INVOKING Heroism.
  7106 | D:8      | 7106 ||| SHOPLISTING +2 cloak of the Thief {*Fog Slay-2
                  | SInv Stlth+} (281 gold, have 263).
  7106 | D:8      | 7106 ||| SHOPLISTING quicksilver dragon scales (840 gold,
                  | have 263).
  7192 | D:8      | 7192 ||| Stepping ~*~*~tactically~*~*~ (hiding).
  7197 | D:8      | 7197 ||| INVOKING Heroism.
  7229 | D:8      | 7229 ||| Stepping ~*~*~tactically~*~*~ (hiding).
  7230 | D:8      | 7230 ||| Stepping ~*~*~tactically~*~*~ (hiding).
  7233 | D:8      | 7233 ||| INVOKING Heroism.
  7234 | D:8      | 7234 ||| Stepping ~*~*~tactically~*~*~ (cloud).
  7240 | D:8      | 7240 ||| Stepping ~*~*~tactically~*~*~ (cloud).
  7274 | D:8      | Noticed qw's ghost (novice GrFi)
  7279 | D:8      | Noticed a skeletal warrior
  7285 | D:8      | Noticed an ice statue
  7301 | D:8      | Found Fadoseuc's Weapon Emporium.
  7324 | D:8      | Found a transporter.
  7324 | D:8      | Found a transporter.
  7338 | D:8      | Noticed an ice statue
  7379 | D:8      | Found the amulet of Elemental Vulnerability {rPois rF--
                  | rC-- AC+8}
  7419 | D:8      | Reached skill level 1 in Invocations
  7592 | D:8      | Found Veopnae's General Store.
  7673 | D:8      | Found Aguenk's Antique Weapon Emporium.
  7680 | D:8      | 7680 ||| BUYING glowing hand axe (174 gold).
  7680 | D:8      | Bought a glowing hand axe for 174 gold pieces
  7680 | D:8      | 7680 ||| SHOPLISTING runed hand axe (174 gold, have 95).
  7680 | D:8      | 7680 ||| DROPPING +0 morningstar.
  7681 | D:8      | 7681 ||| UPGRADING to amulet of Elemental Vulnerability
                  | {rPois rF-- rC-- AC+8}.
  7686 | D:8      | 7686 ||| READING scroll labelled DYTTARCHYUPN.
  7687 | D:8      | 7687 ||| READING 3 scrolls of identify.
  7687 | D:8      | 7687 ||| IDENTIFYING bubbling puce potion
  7688 | D:8      | 7688 ||| DROPPING potion of brilliance.
  7753 | D:9      | 7753 ||| READING scroll of enchant weapon.
  7753 | D:9      | 7753 ||| ENCHANTING +1 war axe.
  7814 | D:9      | 7814 ||| INVOKING Heroism.
  7823 | D:9      | Reached XP level 11. HP: 65/68 MP: 9/12
  7830 | D:9      | 7830 ||| INVOKING Heroism.
  7835 | D:9      | Reached skill level 3 in Invocations
  8054 | D:9      | Found a broken altar of Ashenzari.
  8117 | D:9      | Found a snail-covered altar of Cheibriados.
  8120 | D:9      | Found an opulent altar of Gozag.
  8175 | D:9      | Noticed a two-headed ogre
  8177 | D:9      | 8177 ||| INVOKING Heroism.
  8185 | D:9      | Killed a two-headed ogre
  8303 | D:9      | 8303 ||| INVOKING Heroism.
  8338 | D:9      | Found a staircase to the Orcish Mines.
  8500 | D:9      | 8500 ||| INVOKING Heroism.
  8691 | D:9      | 8691 ||| Stepping ~*~*~tactically~*~*~ (hiding).
  8697 | D:9      | 8697 ||| INVOKING Heroism.
  8714 | D:9      | 8714 ||| INVOKING Heroism.
  8718 | D:9      | Reached skill level 11 in Axes
  8967 | D:9      | 8967 ||| UPGRADING to +1 chain mail of cold resistance.
  8977 | D:9      | 8977 ||| REMOVING amulet of Elemental Vulnerability {rPois
                  | rF-- rC-- AC+8}.
  8982 | D:9      | 8982 ||| DROPPING +0 chain mail.
  8983 | D:9      | 8983 ||| UPGRADING to +0 plate armour.
  8993 | D:9      | 8993 ||| UPGRADING to amulet of Elemental Vulnerability
                  | {rPois rF-- rC-- AC+8}.
  9028 | D:10     | Entered Level 10 of the Dungeon
  9052 | D:10     | Identified the +1 robe "Wobrik" {rF+ Dex+2}
  9061 | D:10     | Found an ornate altar of the Wu Jian Council.
  9061 | D:10     | Found an ancient bone altar of Kikubaaqudgha.
  9184 | D:10     | Found a staircase to the Lair.
  9197 | D:10     | Reached skill level 6 in Armour
  9234 | D:10     | Noticed Snorg
  9235 | D:10     | 9235 ||| INVOKING Heroism.
  9250 | D:10     | Slain by Snorg

Levels and vault maps discovered:
D:1:      zaba_arrival_water, layout_basic,
          dreamdust_ecumenical_altar_hidden_monk_grotto
D:2:      layout_basic
D:3:      layout_rooms, corexii_hall_statues_i, mrwooster_statue_mirror,
          uniq_ijyb
D:4:      layout_cave_pools, minmay_temple_entry_from_below_a, serial_shops,
          nicolae_stop_n_shop_2, uniq_eustachio
D:5:      layout_cave_pods, minmay_manual_monstrance
D:6:      layout_rooms, old_standard_altar, uniq_prince_ribbit1
D:7:      minmay_the_grid_octo_triangle [minmay_the_grid_octo_tetromino_candy,
          minmay_the_grid_octo_prize_single_spiral,
          minmay_the_grid_octo_fan_narrow], layout_loops_ring,
          lightli_temple_of_fire, okawaru_trees_1
D:8:      layout_gridville, eat_drink_and_be_merry_uskayaw, pf_just_have_faith,
          serial_shops, nicolae_shop_stone, shop,
          nicolae_shop_bloodbath_and_beyond, shop, nzn_ghost_randoct
D:9:      layout_stronghold, minitemple, orc_david_3, kennysheep_cluttered_room,
          chequers_serial_rivers_small_a
D:10:     layout_roguey, nicolae_overflow_two_pavilions, david_lair_generic,
          uniq_snorg
Temple:   chequers_temple_sunken

Skill      XL: |  1  2  3  4  5  6  7  8  9 10 11 |
---------------+----------------------------------+-----
Axes           | 2 3 4 5 7 9 10 11 | 11.0
Shields        | 4 5 7 8 9 |  9.1
Dodging        | 2 |  2.1
Fighting       | 4 5 6 8 |  8.3
Armour         | 4 5 6 |  6.7
Throwing       | 2 |  2.4
Invocations    | 2 4 |  4.4

Action                     |  1- 3 |  4- 6 |  7- 9 | 10-12 || total
---------------------------+-------+-------+-------+-------++-------
  Melee: War axe           |   109 |   153 |   256 |   376 ||   894
  Throw: Javelin           |       |       |     7 |    16 ||    23
         Boomerang         |       |       |       |    15 ||    15
 Invoke: Heroism           |       |       |       |    11 ||    11
    Use: Scroll            |     2 |     7 |     6 |     3 ||    18
         Potion            |       |     1 |     5 |     2 ||     8
 Armour: Scale mail        |    54 |    18 |       |       ||    72
         Chain mail        |       |    26 |   126 |   118 ||   270
         Plate armour      |       |       |       |    41 ||    41
  Dodge: Dodged            |    39 |    35 |   135 |   165 ||   374
  Block: Buckler           |    10 |       |       |       ||    10
         Kite shield       |    28 |    81 |   156 |   218 ||   483

Table legend:
 A = Non-vault XP
 B = Vault XP
 C = Vault XP percentage of total XP
 D = Non-vault monster count
 E = Vault monster count
 F = Vault count percentage of total count
                 A         B        C        D         E       F
            +---------+---------+-------+---------+---------+-------
      Total |    8583 |    4676 |  35.3 |     202 |      23 |  10.2
            +---------+---------+-------+---------+---------+-------
        D:1 |      56 |       0 |   0.0 |      24 |       0 |   0.0
        D:2 |      40 |       0 |   0.0 |      20 |       0 |   0.0
        D:3 |     184 |      32 |  14.8 |      19 |       1 |   5.0
        D:4 |     458 |     182 |  28.4 |      22 |       1 |   4.3
        D:5 |     576 |    1126 |  66.2 |      21 |       5 |  19.2
        D:6 |    1119 |     291 |  20.6 |      17 |       1 |   5.6
        D:7 |    1121 |    2241 |  66.7 |      22 |       9 |  29.0
        D:8 |    1378 |       0 |   0.0 |      27 |       0 |   0.0
        D:9 |    3236 |     145 |   4.3 |      27 |       4 |  12.9
       D:10 |     415 |     659 |  61.4 |       3 |       2 |  40.0
            +---------+---------+-------+---------+---------+-------
